 Dungeon Crawl Stone Soup version 0.31-a0-978-g1e143483b6 (webtiles) character file.

Game seed: 2775133951596045183

300 Kuronicle the Ruffian (level 6, -2/44 HPs)
             Began as a Demonspawn Shapeshifter on Oct 30, 2023.
             Slain by mattiecakes's ghost (9 damage)
             ... on level 3 of the Dungeon.
             The game lasted 00:06:41 (3049 turns).

Kuronicle the Ruffian (Demonspawn Shapeshifter)     Turns: 3049, Time: 00:06:41

Health: -2/44      AC: 10    Str: 15    XL:     6   Next: 13%
Magic:  6/6        EV:  8    Int: 11    God:
Gold:   236        SH:  0    Dex: 16    Spells: 5/5 levels left

rFire   + .          .
                       - Unarmed
rCold   . . .        (no shield)
rNeg    . . .        h - +1 chain mail
rPois   .            (helmet currently unavailable)
rElec   .            (cloak currently unavailable)
rCorr   .            (gloves currently unavailable)
SInv    .            (boots currently unavailable)
Will    .....        (no amulet) Stlth
                     j - ring of protection from cold
HPRegen 0.27/turn    g - ring of fire
MPRegen 0.10/turn

%: no passive effects
@: beast-form
A: beast (slay +2), thin skeletal structure 1, spiny 1, demonic magic 1
a: Begin Untransformation


You were on level 3 of the Dungeon.
You were a hulking beast.
You visited 1 branch of the dungeon, and saw 3 of its levels.

You collected 236 gold pieces.

Inventory:

Hand Weapons
 n - a +2 dagger of protection
Armour
 h - a +1 chain mail (worn)
 l - a +0 pair of gloves
Magical Staves
 a - a staff of air
Jewellery
 g - a ring of fire (right hand)
 j - a ring of protection from cold (left hand)
 k - a ring of ice
Talismans
 c - a beast talisman (active)
 d - a flux talisman
Scrolls
 b - a scroll of enchant weapon
Potions
 e - a potion of brilliance


   Skills:
 * Level 2.2 Fighting
 * Level 2.9 Armour
 * Level 2.2 Dodging
 + Level 0.2 Stealth
 + Level 4.0 Unarmed Combat
 * Level 3.5 Shapeshifting


You had 5 spell levels left.
You didn't know any spells.
Your spell library was empty.

Dungeon Overview and Level Annotations

Branches:
Dungeon (3/15)

Altars:

Annotations:
D:3 mattiecakes's ghost, amateur GrRe


Innate Abilities, Weirdness & Mutations

You are a hulking beast.
Your limbs bulge with bestial killing power. (Slay +2)
You have a somewhat thin skeletal structure. (Dex +2, Stealth+)
You are partially covered in sharp spines.
Spells you cast may paralyse adjacent enemies.


Message History

Mattiecakes's ghost is lightly damaged.
Mattiecakes's ghost closely misses you.
You hit mattiecakes's ghost but do no damage.
Mattiecakes's ghost is lightly damaged.
Mattiecakes's ghost hits you but does no damage.
You hit mattiecakes's ghost but do no damage.
Mattiecakes's ghost is lightly damaged.
Mattiecakes's ghost is struck by your spines.
Mattiecakes's ghost hits you but does no damage.
You closely miss mattiecakes's ghost.
Mattiecakes's ghost is lightly damaged.
Mattiecakes's ghost hits you.
* * * LOW HITPOINT WARNING * * *
You hit mattiecakes's ghost.
You punch mattiecakes's ghost, but do no damage.
Mattiecakes's ghost is moderately damaged.
Mattiecakes's ghost barely misses you.
You closely miss mattiecakes's ghost.
Mattiecakes's ghost is moderately damaged.
You hit mattiecakes's ghost.
Mattiecakes's ghost is moderately damaged.
Mattiecakes's ghost hits you but does no damage.
You hit mattiecakes's ghost but do no damage.
Mattiecakes's ghost is moderately damaged.
Mattiecakes's ghost hits you.
* * * LOW HITPOINT WARNING * * *
You hit mattiecakes's ghost.
Mattiecakes's ghost is moderately damaged.
Mattiecakes's ghost hits you.
* * * LOW HITPOINT WARNING * * *
You closely miss mattiecakes's ghost.
Mattiecakes's ghost is moderately damaged.
Mattiecakes's ghost barely misses you.
You hit mattiecakes's ghost.
Mattiecakes's ghost is heavily damaged.
Mattiecakes's ghost closely misses you.
You barely miss mattiecakes's ghost.
Mattiecakes's ghost is heavily damaged.
Mattiecakes's ghost hits you!
You die...

#..##.## ##.##.....##..#
###.(..#.###.####.##.....#
#......##.#.#####.##>##.##
##.#.....)..#............#
))........#.#.....###.####
....<##.#.........###.######
....)##)#.#.#..............#
##.#....#.###.......#..#.#.#
#......#.# ###'hW###[...#.#
###..###.# #.......##.#.#.#
#......# ##.....###.....#
#####.##### #.......#....###
....#.# ##.)?..##....#
.##.#.#######..#.#..######
.##.#.##....#########
.##.#....#### .##.######


You could see mattiecakes's ghost.

Vanquished Creatures
  An orc priest (D:3)
  A bullfrog skeleton (D:3)
  An iguana (D:3)
  2 orc wizards (D:3)
  A howler monkey zombie (D:3)
  4 gnolls (D:3)
  5 adders (D:2)
  5 orcs (D:3)
  4 bats
  5 endoplasms
  5 giant cockroaches
  4 goblins
  5 hobgoblins
  4 quokkas
  5 ball pythons
  6 frilled lizards
  7 kobolds
  4 rats
69 creatures vanquished.

Notes
Turn   | Place    | Note
-------+----------+-------------------------------------------
     0 | D:1      | Kuronicle the Demonspawn Shapeshifter began the quest for
                  | the Orb.
     0 | D:1      | Reached XP level 1. HP: 15/15 MP: 1/1
   201 | D:1      | Reached skill level 3 in Unarmed Combat
   213 | D:1      | Gained mutation: Spells you cast may paralyse adjacent
                  | enemies. [demonic ancestry]
   213 | D:1      | Reached XP level 2. HP: 17/21 MP: 2/2
   875 | D:2      | Gained mutation: You are partially covered in sharp spines.
                  | [demonic ancestry]
   875 | D:2      | Reached XP level 3. HP: 26/26 MP: 3/3
  1138 | D:2      | Reached XP level 4. HP: 31/32 MP: 4/4
  1203 | D:2      | Found a faded altar of an unknown god.
  1727 | D:3      | Found a runed translucent gate.
  1727 | D:3      | Found a runed translucent gate.
  1733 | D:3      | Reached skill level 1 in Armour
  1775 | D:3      | Found a runed translucent gate.
  1820 | D:3      | Reached XP level 5. HP: 5/38 MP: 5/5
  2895 | D:3      | Noticed mattiecakes's ghost (amateur GrRe)
  3030 | D:3      | Reached skill level 4 in Unarmed Combat
  3030 | D:3      | Gained mutation: You have a somewhat thin skeletal
                  | structure. (Dex +2, Stealth+) [demonic ancestry]
  3030 | D:3      | Reached XP level 6. HP: 31/44 MP: 6/6
  3049 | D:3      | Slain by mattiecakes's ghost

Illustrated notes

Levels and vault maps discovered:
D:1:      spicycebolla_green_bress_n_ham_2, layout_loops_cross,
          chequers_serial_rivers_micro_c
D:2:      layout_basic, dreamdust_ecumenical_altar_grove, minmay_vboxes
D:3:      layout_loops_cross, gammafunk_ghost_necromancy

Skill      XL: |  1  2  3  4  5 |
---------------+----------------+-----
Unarmed Combat | 3 4 |  4.0
Shapeshifting  | 3 |  3.5
Armour         | 1 2 |  2.9
Dodging        | 2 |  2.2
Fighting       | 2 |  2.2
Stealth        | |  0.2

Action                     |  1- 3 |  4- 6 || total
---------------------------+-------+-------++-------
  Melee: Unarmed           |    94 |   122 ||   216
         Punch             |     1 |     4 ||     5
    Use: Scroll            |     2 |     7 ||     9
         Potion            |       |     1 ||     1
   Stab: Sleeping          |     2 |       ||     2
 Armour: Animal skin       |    22 |       ||    22
         Chain mail        |    26 |   110 ||   136
         Skin              |       |     1 ||     1
  Dodge: Dodged            |    39 |    35 ||    74
   Form: Beast             |     1 |       ||     1

Table legend: (Time is in decaauts)
 A = Elapsed time spent in this place.
 B = Non-inter-level travel time spent in this place.
 C = Inter-level travel time spent in this place.
 D = Time resting spent in this place.
 E = Time spent auto-exploring this place.
 F = Levels seen in this place.
 G = Mean time per level.
                   A        B        C        D        E       F      G
               +--------+--------+--------+--------+--------+-----+--------+
         Total |   3035 |   2876 |    159 |    509 |   1865 |   3 | 1011.7 |
       Dungeon |   3035 |   2876 |    159 |    509 |   1865 |   3 | 1011.7 |
               +--------+--------+--------+--------+--------+-----+--------+

Top non-repeatable levels by time:
     D:3: 1470 daAuts
     D:1: 864 daAuts
     D:2: 701 daAuts
